cohdb
Replays
Latest Replays
All Replays
Popular Replays
Top Player Replays
Match Explorer
How It Works
Community
CoH3 Stats
Reddit
Sign in to upload your games and track your stats! →
Sign in with Steam
Match 45927228
Unlisted
Match 45927228
Overview
Messages
Build Orders
End
Engineer Squad
Construct Weapon Support Center
Sniper
Bazooka Squad
M1919 Machine Gun Team
Construct Medical Station
M1919 Machine Gun Team
Infantry Support Center
Bazooka Squad
M1919 Machine Gun Team
Improved M9 Bazooka Rockets
Selects Advanced Infantry Battlegroup
Selects Ammunition Storage
Selects M2A1 105mm Howitzer Emplacement
Advanced Logistics
Engineer Squad
Bazooka Squad
Selects Free Fire Drills
Selects Convert to Ranger Squad
.30 cal Machine Gun
Selects Frontline Medical Station
Survival Training
Munitions Surplus
Demolitions Package
Brick_man
BlueJavaChip
No.69
Tanith's Finest
binari
Final_Ant
Showerho
FARM7D
0
0
Comments
sign in to comment!
No comments posted yet!